 Dungeon Crawl Stone Soup version 0.19.5 (webtiles) character file.

35 JeffiDaFish the Conjurer (level 3, 0/16 HPs)
             Began as a Spriggan Conjurer on Sept 12, 2017.
             Succumbed to an adder's poison
             ... on level 2 of the Dungeon.
             The game lasted 00:04:58 (1197 turns).

JeffiDaFish the Conjurer (Spriggan Conjurer)        Turns: 1197, Time: 00:04:59

Health: 0/16       AC:  2    Str:  3 (4)  XL:     3   Next: 16%
Magic:  1/8        EV: 18    Int: 13 (16) God:
Gold:   73         SH:  0    Dex: 17      Spells: 2 memorised, 5 levels left

rFire  . . .     SeeInvis +     d - +0 dagger
rCold  . . .     Gourm    .     a - +0 robe
rNeg   . . .     Faith    .     (shield restricted)
rPois  .         Spirit   .     (helmet restricted)
rElec  .         Reflect  .     (no cloak)
rCorr  .         Harm     .     (gloves unavailable)
MR     .....                    (boots unavailable)
Stlth  ++++......               (no amulet)
                                (no ring)
                                e - ring of stealth

@: lethally poisoned (0 -> -5), very quick
A: unfitting armour, see invisible, herbivore 3, speed 3, slow metabolism 2
a: no special abilities


You were on level 2 of the Dungeon.
You were not hungry.

You visited 1 branch of the dungeon, and saw 2 of its levels.

You collected 73 gold pieces.

Inventory:

Hand Weapons
 d - a +0 dagger (weapon)
Armour
 a - a +0 robe (worn)
Jewellery
 e - a ring of stealth (left hand)
Books
 b - a book of Conjurations

   Spells                             Type                      Level
   a - Magic Dart                     Conjuration                  1
   b - Searing Ray                    Conjuration                  2
   c - Dazzling Spray                 Conjuration/Hexes            3
   d - Fulminant Prism                Conjuration/Hexes            4
   e - Iskenderun's Mystic Blast      Conjuration                  4
   f - Iskenderun's Battlesphere      Conjuration/Charms           5
Comestibles
 c - a bread ration


   Skills:
 + Level 0.4 Short Blades
 + Level 3.3 Dodging
 + Level 3.3 Stealth
 + Level 3.0 Spellcasting
 + Level 3.4 Conjurations


You had 5 spell levels left.
You knew the following spells:

 Your Spells              Type           Power        Failure   Level  Hunger
a - Magic Dart            Conj           ##..         8%          1    #......
b - Searing Ray           Conj           ##....       10%         2    ###....


Dungeon Overview and Level Annotations

Branches:
Dungeon (2/15)

Altars:


Innate Abilities, Weirdness & Mutations

You are very small and have problems with some larger weapons.
You are too small for most types of armour.
You have supernaturally acute eyesight. (SInv)
You are a herbivore.
You cover ground extremely quickly.
You need consume almost no food.


Message History

You feel sick.
A goblin comes into view. It is wielding a dagger.
A frilled lizard comes into view.
You see here a scroll labeled VAREDGH BAODEI.
The rat bites you.
* * * LOW HITPOINT WARNING * * *
You barely miss the rat.
The rat is moderately wounded.
* * * LOW HITPOINT WARNING * * *
You feel sick. The rat bites you but does no damage.
You closely miss the rat.
The rat is moderately wounded.
The rat misses you.
You hit the rat but do no damage.
The rat is moderately wounded.
The frilled lizard hisses angrily.
The rat bites you but does no damage.
You closely miss the rat.
The rat is moderately wounded.
You die...

#. #### ### ...... ..#
#.##.## g.# ##.#...##
.l## ##.......#
##.%.###.
###..#....####...(....
#...###......?@r...#
#.<..#...##..........#
#..#...†.##.###...##.#
#..##.#..##.# ####
#..##.#..##.#
#..##..........#
#..####......... #...
..###.#### ##.# ##.#
.#


You could see a goblin (wandering), a frilled lizard and a rat.

Vanquished Creatures
  An adder (D:2)
  2 dart slugs (D:1)
  A ball python (D:2)
  A giant cockroach (D:1)
  4 goblins (D:1)
  A hobgoblin (D:1)
  A kobold (D:1)
  5 bats
  A frilled lizard (D:1)
  5 rats
22 creatures vanquished.

Vanquished Creatures (others)
  A giant cockroach (D:2)
1 creature vanquished.

Grand Total: 23 creatures vanquished

Notes
Turn   | Place    | Note
-------+----------+-------------------------------------------
     0 | D:1      | JeffiDaFish the Spriggan Conjurer began the quest for the Orb.
     0 | D:1      | Reached XP level 1. HP: 9/9 MP: 5/5
   303 | D:1      | Reached XP level 2. HP: 4/13 MP: 3/6
   610 | D:1      | Learned a level 2 spell: Searing Ray
  1178 | D:2      | Reached XP level 3. HP: 10/16 MP: 0/8
  1197 | D:2      | Succumbed to an adder's poison

Skill      XL: |  1  2 |
---------------+-------+-----
Conjurations   | 3 |  3.4
Spellcasting   | 3 |  3.0
Short Blades   | |  0.4
Dodging        | |  3.3
Stealth        | |  3.3

Action                   || total
-------------------------++-------
Melee: Dagger            ||    28
 Cast: Magic Dart        ||    29
       Searing Ray       ||     4
  Use: Scroll            ||     4
       Potion            ||     2
 Stab: Sleeping          ||     4
Armor: Robe              ||     5
Dodge: Dodged            ||    21
